 Dungeon Crawl Stone Soup version 0.29-a0-266-gf56f883ddd (webtiles) character file.

Game seed: 9075715451872851833

7382 frimble the Fighter (level 11, -3/85 HPs)
             Began as a Djinni Cinder Acolyte on Mar 6, 2022.
             Was a High Priest of Ignis.
             Slain by a vampire (9 damage)
             ... on level 9 of the Dungeon.
             The game lasted 00:19:16 (14060 turns).

frimble the Fighter (Djinni Cinder Acolyte)        Turns: 14060, Time: 00:19:16

Health: -3/85      AC:  8    Str: 13    XL:     11   Next: 36%
Gold:   610        EV: 13    Int: 17    God:    Ignis [*****.] SH:  5 Dex: 12

rFire   + + +      SeeInvis .   c - +2 dagger (elec)
rCold   . . .      Faith    .   (no shield)
rNeg    . . .      Spirit   .   n - +0 steam dragon scales
rPois   ∞          Reflect  +   b - +0 helmet
rElec   .          Harm     .   g - +1 cloak
rCorr   .          Rampage  .   (no gloves)
Will    ++...                   (boots unavailable)
Stlth   +.........              m - amulet of reflection
HPRegen 0.24/turn               y - ring of willpower
MPRegen 0.00/turn               p - ring of protection from cold

@: flying
A: sickness immunity, fire resistance 2, cold vulnerability 1, float, innate
caster, HP casting, extra vitality 1
a: Renounce Religion, Fiery Armour, Foxfire Swarm, Rising Flame


You were on level 9 of the Dungeon.
You worshipped Ignis.
Ignis was extremely pleased with you.
You visited 1 branch of the dungeon, and saw 9 of its levels.

You collected 701 gold pieces.
You spent 91 gold pieces at shops.

Inventory:

Hand Weapons
 c - a +2 dagger of electrocution (weapon)
Armour
 b - a +0 helmet (worn)
 g - a +1 cloak (worn)
 n - +0 steam dragon scales (worn)
Jewellery
 m - an amulet of reflection (around neck)
 p - a ring of protection from cold (right hand)
 v - a +6 ring of dexterity
 y - a ring of willpower (left hand)
Wands
 a - a wand of polymorph (2)
 f - a wand of charming (5)
 k - a wand of iceblast (13)
Scrolls
 e - a scroll of fear
 h - 2 scrolls of immolation {unknown}
 i - a scroll of silence
 l - 3 scrolls of brand weapon
 t - a scroll of enchant weapon
 w - a scroll of teleportation
 z - 2 scrolls of enchant armour
Potions
 d - 7 potions of mutation
 j - 5 potions of attraction
 o - a potion of berserk rage {unknown}
 q - 4 potions of curing
 r - 2 potions of haste
 u - a potion of lignification {unknown}
 x - a potion of might


   Skills:
 + Level 10.0 Fighting
 + Level 7.1 Short Blades
 - Level 4.2 Dodging
 - Level 3.0 Unarmed Combat
 + Level 7.7 Spellcasting
 - Level 5.0 Evocations


You had 9 spell levels left.
You knew the following spells:

 Your Spells              Type           Power      Damage    Failure   Level
a - Scorch                Fire           64%        2d8       1%          2
b - Slow                  Hex            100%       N/A       1%          1
c - Searing Ray           Conj           64%        2d6       1%          2
d - Call Imp              Summ           32%        N/A       1%          2
e - Hailstorm             Conj/Ice       32%        3d8       4%          4
f - Alistair's Intoxicat  Tmut/Pois      21%        N/A       13%         5
Your spell library was empty.

Dungeon Overview and Level Annotations

Branches:
Dungeon (9/15)             Temple (0/1) D:4            Lair (0/6) D:9
    Orc: D:9-12

Altars:
Nemelex Xobeh

Shops:
D:3 :   D:5 (:!   D:7 *   D:8 *


Innate Abilities, Weirdness & Mutations

You are immune to sickness and miasma.
You are immune to poison.
Your flesh is very heat resistant. (rF++)
You are vulnerable to cold. (rC-)
You float through the air rather than walking.
You learn spells naturally, not from books.
Your magical power is your life essence.
You have superior vitality. (+4 MHP)


Message History

Things that are here:
a +0 club; an orc corpse A vampire is nearby!
A vampire is nearby!
A vampire is nearby!
Casting: Searing Ray (safe; 1% risk of failure)
Confirm with . or Enter, or press ? or * to list all spells.
A beastly little devil appears in a puff of flame.
The vampire mumbles some strange words.
The vampire flickers and vanishes!
Deactivating autopickup; reactivate with Ctrl-A.
You remove your +6 ring of dexterity.
You feel clumsy.
y - a ring of willpower (left hand)
Something hits you but does no damage. Something bites you!
Something barely misses you. Something bites you.
You hit something but do no damage. Something hits you. Something bites you!
You hit something. Lightning courses through something!!
You closely miss something. Something hits you.
Something bites you but does no damage.
You hit something. Something hits you. Something bites you!
You hit something but do no damage. You closely miss something.
Something hits you! Something bites you but does no damage.
You hit something but do no damage. Something hits you.
Something bites you but does no damage.
You closely miss something. You hit something.
Something hits you but does no damage. Something bites you!
* * * LOW HITPOINT WARNING * * *
You closely miss something.
Okay, then.
Aiming: Charm
Press: ? - help, Shift-Dir - straight line Nothing appears to happen.
Something hits you!
* * * LOW HITPOINT WARNING * * *
Something bites you but does no damage.
Aiming: Charm
Press: ? - help, Shift-Dir - straight line Nothing appears to happen.
Something hits you!
You die...

..#.# #....P.......)P..# #
..+.###..P.........P..P# #
..####........>...P.P..## #
.............P...P.P..P.# #
..#####...........P.....#
## ..# #..P......P.......#
#. ..# #.......P...P...#.#
###. ..#
#.........P{..P...# #...
..#####.#......P@5.....##
#...
........#....P........##
#...
####...###........P...#####
#...
.............P..P.........#
#...
####...#####......##......#
#... # #...#
######.........# #### #
#...# ####......# # #####
#......# # #......#


You could see a friendly crimson imp (summoned).

Vanquished Creatures
  Pikel (D:5)
  A cyclops (D:9)
  Joseph (D:9)
  A komodo dragon (D:9)
  A troll (D:9)
  A hornet (D:9)
  2 shadows
  Eustachio (D:5)
  A wyvern (D:5)
  A fire bat (D:8)
  5 yaks (D:9)
  A steam dragon (D:6)
  Menkaure (D:7)
  3 acid dragons
  2 water moccasins (D:9)
  An orc warrior (D:9)
  3 ice beasts
  3 black bears
  2 ogres
  A wolf (D:9)
  A centaur (D:9)
  3 phantoms
  3 kobold brigands
  A gnoll sergeant (D:7)
  5 scorpions
  6 bullfrogs
  3 electric eels (D:7)
  6 howler monkeys
  2 hounds
  A jelly (D:7)
  A gnoll shaman (D:6)
  4 orc priests
  Crazy Yiuf (D:6)
  8 orc wizards
  Terence (D:1)
  Robin (D:1)
  6 adders
  5 gnolls
  4 white imps
  An ufetubus (D:4)
  4 worms
  3 dart slugs
  33 orcs
  10 ball pythons
  7 bats
  7 endoplasms
  5 giant cockroaches
  8 hobgoblins
  3 jackals (D:3)
  4 quokkas
  4 frilled lizards
  15 goblins
  17 kobolds
  6 rats
222 creatures vanquished.

Vanquished Creatures (collateral kills)
  An ogre (D:9)
  2 gnolls (D:7)
  3 orcs (D:9)
  A kobold (D:7)
7 creatures vanquished.

Vanquished Creatures (others)
  A kobold (D:7)
  A goblin (D:2)
  39 fungi (D:9)
  46 plants (D:9)
87 creatures vanquished.

Grand Total: 316 creatures vanquished

Notes
Turn   | Place    | Note
-------+----------+-------------------------------------------
     0 | D:1      | frimble the Djinni Cinder Acolyte began the quest for the
                  | Orb.
     0 | D:1      | Reached XP level 1. HP: 20/20 MP: 0/0
   253 | D:1      | Reached XP level 2. HP: 22/25 MP: 0/0
  1065 | D:1      | Reached XP level 3. HP: 29/30 MP: 0/0
  1065 | D:1      | Learned a level 1 spell: Slow
  1283 | D:2      | Reached skill level 1 in Short Blades
  1332 | D:2      | Noticed Robin
  1425 | D:1      | Killed Robin
  1426 | D:1      | Reached XP level 4. HP: 19/35 MP: 0/0
  1585 | D:1      | Reached skill level 1 in Dodging
  2207 | D:2      | Noticed a phantom
  2239 | D:2      | Noticed Terence
  2261 | D:1      | Killed Terence
  2673 | D:2      | Reached XP level 5. HP: 41/41 MP: 0/0
  2673 | D:2      | Learned a level 2 spell: Searing Ray
  2805 | D:2      | Killed a phantom
  2806 | D:2      | Reached skill level 4 in Fighting
  3241 | D:2      | Reached XP level 6. HP: 47/47 MP: 0/0
  3859 | D:3      | Found Votsyme's Book Boutique.
  4290 | D:3      | You are sucked into a shaft and drop 3 floors!
  4321 | D:5      | Entered Level 5 of the Dungeon
  4324 | D:5      | Found a sparkling altar of Nemelex Xobeh.
  4384 | D:6      | Reached XP level 7. HP: 36/53 MP: 0/0
  4384 | D:6      | Learned a level 2 spell: Call Imp
  4680 | D:6      | Noticed a steam dragon
  4696 | D:6      | Killed a steam dragon
  5007 | D:6      | Reached skill level 5 in Fighting
  5020 | D:6      | Reached XP level 8. HP: 33/59 MP: 0/0
  6272 | D:6      | Found a runed translucent door.
  6273 | D:6      | Noticed Crazy Yiuf
  6665 | D:6      | Killed Crazy Yiuf
  6870 | D:5      | Noticed Pikel
  6886 | D:5      | Killed Pikel
  6887 | D:5      | Reached skill level 6 in Fighting
  6887 | D:5      | Reached skill level 5 in Short Blades
  6887 | D:5      | Reached skill level 5 in Spellcasting
  6887 | D:5      | Reached XP level 9. HP: 51/67 MP: 0/0
  6887 | D:5      | Learned a level 4 spell: Hailstorm
  6971 | D:5      | Noticed Eustachio
  6987 | D:5      | Killed Eustachio
  6997 | D:5      | Found Olyxt's Distillery.
  7068 | D:4      | Found a staircase to the Ecumenical Temple.
  8247 | D:5      | Reached skill level 7 in Fighting
  8505 | D:5      | Found Liluynel's Book Emporium.
  8607 | D:5      | Found Fisyischaxt's Antique Weapon Shop.
  8931 | D:5      | Bought a potion of curing for 39 gold pieces
  8931 | D:5      | Bought a potion of might for 52 gold pieces
  9586 | D:7      | Noticed Menkaure
  9602 | D:7      | Killed Menkaure
  9603 | D:7      | Reached XP level 10. HP: 26/76 MP: 0/0
  9854 | D:7      | Found Qicol's Elemental Accessories.
 10229 | D:7      | Reached skill level 8 in Fighting
 11051 | D:8      | Noticed Psyche
 11164 | D:9      | Noticed Joseph
 11173 | D:9      | Killed Joseph
 11174 | D:9      | Reached skill level 1 in Evocations
 11384 | D:9      | Noticed a komodo dragon
 11399 | D:9      | Killed a komodo dragon
 11411 | D:9      | Reached skill level 9 in Fighting
 11627 | D:9      | Found a staircase to the Lair.
 11886 | D:9      | Reached XP level 11. HP: 75/84 MP: 0/0
 11886 | D:9      | Learned a level 5 spell: Alistair's Intoxication
 12340 | D:8      | Found Qaesasmy's Lightly-Used Armoury.
 12400 | D:8      | Noticed Psyche
 12400 | D:8      | Psyche changed into Psyche the fire bat
 12435 | D:8      | Killed Psyche the fire bat
 12946 | D:9      | Noticed a cyclops
 12965 | D:9      | Killed a cyclops
 13196 | D:9      | Reached skill level 10 in Fighting
 13409 | D:9      | Reached skill level 5 in Evocations
 14060 | D:9      | Slain by a vampire

Illustrated notes

Levels and vault maps discovered:
D:1:      matt_arrival_refuge, layout_loops_ring
D:2:      layout_loops_cross, minmay_box_of_dots, uniq_terence, uniq_robin
D:3:      layout_rooms, serial_shops, shop
D:4:      layout_loops_ring, minmay_temple_entry_slanted, minmay_puff
D:5:      layout_loops_ring, nicolae_overflow_hidden_temple, serial_shops,
          kennysheep_mini_moat, nicolae_take_the_stairs, nicolae_lakefront_shop,
          portal_sewer_entry_c, uniq_eustachio, uniq_pikel
D:6:      layout_layer_cave, hangedman_decor_riveting, uniq_crazy_yiuf_cottage
D:7:      minmay_inner_zag, layout_gridville, nicolae_elemental_shop,
          minivault_14, uniq_menkaure
D:8:      layout_rooms, minmay_shop_damaged, uniq_psyche
D:9:      layout_basic, due_lair_maze_entry_diamond, special_room
          [special_room_orc], kennysheep_diamond,
          nicolae_elevator_lobby_asterisk, uniq_joseph

Skill      XL: |  1  2  3  4  5  6  7  8  9 10 11 |
---------------+----------------------------------+-----
Short Blades   | 1 2 3 5 6 7 |  7.1
Dodging        | 1 2 3 4 |  4.2
Spellcasting   | 3 4 5 7 |  7.7
Fighting       | 4 5 6 7 9 10 | 10.0
Evocations     | 3 5 |  5.0
Unarmed Combat | |  3.0

Action                   |  1- 3 |  4- 6 |  7- 9 | 10-12 || total
-------------------------+-------+-------+-------+-------++-------
Melee: Dagger            |   100 |   125 |   224 |   319 ||   768
       Unarmed           |     3 |       |       |       ||     3
       Punch             |     3 |       |     7 |    13 ||    23
 Cast: Scorch            |    12 |    35 |    14 |     5 ||    66
       Slow              |     1 |     1 |     6 |     8 ||    16
       Searing Ray       |       |    13 |    14 |    16 ||    43
       Call Imp          |       |       |     1 |     9 ||    10
       Hailstorm         |       |       |       |     1 ||     1
Invok: Fiery Armour      |       |       |       |     1 ||     1
Evoke: Wand              |       |       |     2 |    38 ||    40
  Use: Potion            |     3 |       |     1 |     3 ||     7
       Scroll            |       |     4 |     6 |     6 ||    16
 Stab: Sleeping          |     1 |       |     1 |     1 ||     3
       Invisible         |       |       |     2 |       ||     2
       Distracted        |       |       |       |     1 ||     1
Armor: Robe              |    21 |    34 |     2 |       ||    57
       Steam dragon scal |       |       |    53 |    63 ||   116
Dodge: Dodged            |    57 |    73 |   115 |   184 ||   429
Block: Other             |       |       |    22 |    39 ||    61
       Reflection        |       |       |     1 |       ||     1

Table legend: (Time is in decaauts)
 A = Elapsed time spent in this place.
 B = Non-inter-level travel time spent in this place.
 C = Inter-level travel time spent in this place.
 D = Time resting spent in this place.
 E = Time spent auto-exploring this place.
 F = Levels seen in this place.
 G = Mean time per level.
                   A        B        C        D        E       F      G
               +--------+--------+--------+--------+--------+-----+--------+
         Total |  13804 |  13412 |    392 |    754 |  10744 |   9 | 1533.8 |
       Dungeon |  13804 |  13412 |    392 |    754 |  10744 |   9 | 1533.8 |
               +--------+--------+--------+--------+--------+-----+--------+

Top non-repeatable levels by time:
     D:6: 2525 daAuts
     D:9: 2367 daAuts
     D:1: 2132 daAuts
     D:7: 1713 daAuts
     D:2: 1587 daAuts
     D:5: 1031 daAuts
     D:8: 888 daAuts
     D:4: 832 daAuts
     D:3: 726 daAuts
